 Dungeon Crawl Stone Soup version 0.31.0-11-ge490571c62 (webtiles) character file.

Game seed: 13555614789580072868

443 qw the Skirmisher (level 6, -1/35 HPs)
             Began as a Deep Elf Hunter on Feb 4, 2024.
             Succumbed to a kobold brigand's poison
             ... on level 5 of the Dungeon.
             The game lasted 00:00:10 (2887 turns).

qw the Skirmisher (Deep Elf Hunter)                 Turns: 2887, Time: 00:00:10

Health: -1/35      AC:  6    Str: 10    XL:     6   Next: 71%
Magic:  8/8        EV: 11    Int: 14    God:
Gold:   257        SH:  0    Dex: 18    Spells: 5/5 levels left

rFire   . . .        a - +0 shortbow (elec)
rCold   . . .        (shield currently unavailable)
rNeg    . . .        i - +0 ring mail
rPois   .            (helmet restricted)
rElec   .            j - +0 cloak
rCorr   .            (no gloves)
SInv    .            (no boots)
Will    .....        (no amulet)
Stlth   +            (no ring)
HPRegen 0.25/turn    (no ring)
MPRegen 0.11/turn

%: no passive effects
@: lethally poisoned (-1 -> -15), slowed, very slow
A: hooves 1, horns 1
a: no special abilities


You were on level 5 of the Dungeon.
You visited 1 branch of the dungeon, and saw 5 of its levels.

You collected 257 gold pieces.


Innate Abilities, Weirdness & Mutations

You have large cloven feet.
You have a pair of small horns on your head.


   Skills:
 - Level 2.1 Fighting
 - Level 10.0 Ranged Weapons
 + Level 0.0 Armour
 - Level 3.6 Dodging
 - Level 1.2 Stealth


You had 5 spell levels left.
You didn't know any spells.
Your spell library was empty.

Inventory:

Hand Weapons
 a - a +0 shortbow of electrocution (weapon)
Armour
 i - a +0 ring mail (worn)
 j - a +0 cloak (worn)
Wands
 c - a wand of digging (8)
 l - a wand of roots (22)
Potions
 b - a potion of mutation
 e - a potion of cancellation
 f - 2 potions of heal wounds {unknown}
 h - 2 potions of curing

Dungeon Overview and Level Annotations

Branches:
Dungeon (5/15)
 Temple: D:4-7

Altars:
Makhleb


Message History

The arrow hits the kobold brigand but does no damage.
You shoot an arrow. The arrow hits the kobold brigand.
Lightning courses through the kobold brigand!!
The kobold brigand is almost dead.
The kobold brigand throws a curare-tipped dart.
The curare-tipped dart hits you.
You are poisoned.
You have difficulty breathing.
You feel yourself slow down.
The kobold brigand throws a poisoned dart.
The poisoned dart hits you!
You are more poisoned.
Enter note:
Enter note:
Enter note:
Enter note:
2884 ||| RETREEEEATING.
You feel extremely sick.
Enter note:
Enter note:
2885 ||| RETREEEEATING.
You feel extremely sick.
The kobold brigand throws a poisoned dart.
The poisoned dart hits you!
You are lethally poisoned!
The kobold brigand hits you with a +0 short sword of speed.
You shoot an arrow.
The arrow closely misses the kobold brigand.
The arrow hits the kobold brigand but does no damage.
Lightning courses through the kobold brigand!
You kill the kobold brigand!
You feel very sick.
The kobold brigand hits you but does no damage.
The kobold brigand barely misses you.
The kobold brigand hits you with a +0 short sword of speed.
Your Dodging skill increases to level 3!
You shoot an arrow.
The arrow barely misses the kobold brigand.
The arrow hits the kobold.
Lightning courses through the kobold!!
You kill the kobold!
You die...

#.#....<#. #.#..#..#.
#.#..##.#. #### .#
#.#####.#.### #.... .#
#.........#.##....(
##########.###.#.'......
...... ##...##...')...[.
########.....###KKK.$...
...####.......##@##K....
##.##....._......# ....
.#.##.#.......##.# ###
.#.##.##.....###.#
.......##...## #..
.#.#....##.## ##.#
.#.######..# .# ##.#
#....## .# #.# #.#### .#


You could see 3 kobold brigands.

Vanquished Creatures
  An ice beast (D:5)
  A kobold brigand (D:5)
  A jelly (D:4)
  2 hounds
  A sleepcap (D:4)
  4 gnolls
  6 adders
  6 dart slugs
  An orc (D:4)
  5 ball pythons
  2 endoplasms
  5 giant cockroaches
  3 hobgoblins
  2 jackals (D:2)
  7 quokkas
  3 bats
  3 frilled lizards
  5 goblins
  6 kobolds
  4 rats
68 creatures vanquished.

Notes
Turn   | Place    | Note
-------+----------+-------------------------------------------
     0 | D:1      | qw the Deep Elf Hunter began the quest for the Orb.
     0 | D:1      | Reached XP level 1. HP: 12/12 MP: 3/3
     0 | D:1      | 0 ||| qw: Version: 0.3-a-160-g6735b56
     0 | D:1      | 0 ||| qw: Game counter: 5049
     0 | D:1      | 0 ||| qw: Melee chars always use a shield: true
     0 | D:1      | 0 ||| qw: God list: Okawaru
     0 | D:1      | 0 ||| qw: Allow faded altars: false
     0 | D:1      | 0 ||| qw: Do Orc after clearing Dungeon:15 true
     0 | D:1      | 0 ||| qw: Do second Lair branch before Depths: true
     0 | D:1      | 0 ||| qw: Lair rune preference: random
     0 | D:1      | 0 ||| qw: Goals: Normal
     0 | D:1      | 0 ||| PLANNING D:1-11
    67 | D:1      | Found a faded altar of an unknown god.
    71 | D:1      | Reached skill level 6 in Ranged Weapons
    71 | D:1      | Reached XP level 2. HP: 16/16 MP: 4/4
   351 | D:1      | Reached XP level 3. HP: 20/20 MP: 5/5
   480 | D:1      | 480 ||| READING scroll labelled XUTYTE SUWN.
   480 | D:1      | 480 ||| IDENTIFYING sedimented green potion
   481 | D:1      | 481 ||| READING scroll labelled PATEOV SEEDGHI.
   481 | D:1      | 481 ||| BRANDING +0 shortbow.
   482 | D:1      | 482 ||| READING scroll labelled DEPLIPTABBI.
   583 | D:1      | 583 ||| DRINKING 2 dark potions.
   584 | D:1      | 584 ||| DROPPING scroll of butterflies.
   585 | D:1      | 585 ||| DROPPING potion of attraction.
   598 | D:2      | 598 ||| STAIRDANCE
   677 | D:2      | HP: 4/20 [adder (4)]
   679 | D:2      | Reached skill level 7 in Ranged Weapons
  1249 | D:2      | 1249 ||| READING scroll labelled EHAVA VE XOEQEUH.
  1250 | D:2      | 1250 ||| DRINKING 2 blue potions.
  1368 | D:3      | Reached XP level 4. HP: 25/25 MP: 6/6
  1917 | D:3      | 1917 ||| READING scroll labelled PYCODIC LEJERUGE.
  1918 | D:3      | 1918 ||| DRINKING 3 sapphire potions.
  1984 | D:4      | Reached skill level 8 in Ranged Weapons
  2053 | D:4      | Reached XP level 5. HP: 29/29 MP: 7/7
  2338 | D:4      | Reached skill level 9 in Ranged Weapons
  2561 | D:4      | 2561 ||| UPGRADING to +0 ring mail.
  2571 | D:4      | 2571 ||| DROPPING +0 leather armour.
  2572 | D:4      | 2572 ||| UPGRADING to +0 cloak.
  2577 | D:4      | 2577 ||| READING scroll of identify.
  2577 | D:4      | 2577 ||| IDENTIFYING lumpy black potion
  2578 | D:4      | 2578 ||| DRINKING 2 sedimented orange potions.
  2578 | D:4      | Gained mutation: You have a pair of small horns on your
                  | head. [potion of mutation]
  2578 | D:4      | Gained mutation: You have large cloven feet. [potion of
                  | mutation]
  2579 | D:4      | 2579 ||| DROPPING potion of brilliance.
  2595 | D:5      | Entered Level 5 of the Dungeon
  2700 | D:5      | Noticed an ice beast
  2701 | D:5      | 2701 ||| DRINKING potion of haste.
  2710 | D:5      | Killed an ice beast
  2711 | D:5      | Reached XP level 6. HP: 35/35 MP: 8/8
  2724 | D:5      | Found a burning altar of Makhleb.
  2811 | D:5      | Reached skill level 10 in Ranged Weapons
  2884 | D:5      | 2884 ||| RETREEEEATING.
  2885 | D:5      | 2885 ||| RETREEEEATING.
  2886 | D:5      | HP: 8/35 [poisoned by a kobold brigand]
  2887 | D:5      | Reached skill level 3 in Dodging
  2887 | D:5      | Succumbed to a kobold brigand's poison

Levels and vault maps discovered:
D:1:      psy_arrival_dodecagon, layout_basic,
          chequers_ecumenical_altar_simple_redux, minmay_fountain_box,
          minmay_pentomino_p2
D:2:      layout_basic
D:3:      layout_basic, corexii_item_surrounded_by_moat
D:4:      layout_basic
D:5:      cheibrodos_fertilizer, layout_basic, lemuel_round_altar,
          serial_corexii_hall, chequers_hall_statues_corner_a,
          corexii_hall_statues_x, minmay_gold_behind_fungi,
          minmay_misc_feat_enclosed

Skill      XL: |  1  2  3  4  5  6 |
---------------+-------------------+-----
Ranged Weapons | 6 7 8 9 10 | 10.0
Fighting       | 2 |  2.1
Dodging        | 3 |  3.6
Stealth        | |  1.2

Action                     |  1- 3 |  4- 6 || total
---------------------------+-------+-------++-------
   Fire: Shortbow          |    81 |    93 ||   174
    Use: Scroll            |     4 |     2 ||     6
         Potion            |     2 |     3 ||     5
 Armour: Leather armour    |    26 |     5 ||    31
         Ring mail         |       |     3 ||     3
  Dodge: Dodged            |    30 |     8 ||    38

Table legend:
 A = Non-vault XP
 B = Vault XP
 C = Vault XP percentage of total XP
 D = Non-vault monster count
 E = Vault monster count
 F = Vault count percentage of total count
                 A         B        C        D         E       F
            +---------+---------+-------+---------+---------+-------
      Total |     535 |      99 |  15.6 |      64 |       4 |   5.9
            +---------+---------+-------+---------+---------+-------
        D:1 |      46 |       3 |   6.1 |      15 |       2 |  11.8
        D:2 |      42 |       0 |   0.0 |       9 |       0 |   0.0
        D:3 |      41 |       0 |   0.0 |      19 |       0 |   0.0
        D:4 |     169 |       0 |   0.0 |      13 |       0 |   0.0
        D:5 |     237 |      96 |  28.8 |       8 |       2 |  20.0
            +---------+---------+-------+---------+---------+-------
